cohdb
Replays
Latest Replays
All Replays
Popular Replays
Top Player Replays
Match Explorer
How It Works
Community
CoH3 Stats
Reddit
Sign in to upload your games and track your stats! →
Sign in with Steam
Match 43359145
Unlisted
Match 43359145
Overview
Messages
Build Orders
End
Royal Engineer Section
Royal Engineer Section
Vickers Machine Gun Team
Construct Section Command Post
Construct Field Infirmary
Royal Engineer Section
Construct Platoon Command Post
Selects Indian Artillery Battlegroup
Selects Valour
Humber Armored Car
Construct Field Infirmary
Selects Gurkha Rifles Section
Gurkha Rifles Section
Vickers Machine Gun Team
6-pounder Anti-tank Gun Team
Construct Company Command Post
Selects Volunteer Infantry
Selects Artillery Saturation
Crusader II Medium Tank
Crusader II Medium Tank
Selects Off-map Airburst Barrage
Selects Off-map Airburst Barrage
Armored Vehicle Training
Crusader II Medium Tank
6-pounder Anti-tank Gun Team
ConcernedApe
Balzeal
aka p.r.a.s.a.
精液風味のアイスクリ
0
0
Comments
sign in to comment!
No comments posted yet!